 Dungeon Crawl Stone Soup version 0.29-a0-824-gd827844252 (webtiles) character file.

Game seed: 906648572610126235

25 Malachi the Ruffian (level 2, -1/27 HPs)
             Began as a Troll Gladiator on July 9, 2022.
             Succumbed to Sigmund's poison
             ... on level 2 of the Dungeon.
             The game lasted 00:00:55 (431 turns).

Malachi the Ruffian (Troll Gladiator)                Turns: 431, Time: 00:00:56

Health: -1/27      AC:  5    Str: 21    XL:     2   Next: 86%
Magic:  1/1        EV: 10    Int:  4    God:
Gold:   58         SH:  0    Dex: 11    Spells: 1/1 levels left

rFire   . . .      SeeInvis .     - Unarmed
rCold   . . .      Faith    .   (no shield)
rNeg    . . .      Spirit   .   a - +0 robe
rPois   .          Reflect  .   b - +0 hat
rElec   .          Harm     .   e - +0 cloak
rCorr   .          Rampage  .   (gloves unavailable)
Will    .....                   (boots unavailable)
Stlth   +.........              (no amulet)
HPRegen 0.89/turn               (no ring)
MPRegen 0.07/turn               (no ring)

@: lethally poisoned (-1 -> -8)
A: large, unfitting armour, claws 3, regeneration 1, shaggy fur 1, tough skin 1
a: no special abilities


You were on level 2 of the Dungeon.
You visited 1 branch of the dungeon, and saw 2 of its levels.

You collected 58 gold pieces.

Inventory:

Missiles
 c - 3 throwing nets (quivered)
 d - a large rock
Armour
 a - a +0 robe (worn)
 b - a +0 hat (worn)
 e - a +0 cloak (worn)
Scrolls
 g - a scroll of identify {unknown}
Potions
 f - a potion of brilliance {unknown}
 h - a potion of curing {unknown}


   Skills:
 - Level 1.5 Fighting
 - Level 1.7 Throwing
 - Level 2.4 Dodging
 * Level 4.1 Unarmed Combat


You had one spell level left.
You didn't know any spells.
Your spell library was empty.

Dungeon Overview and Level Annotations

Branches:
Dungeon (2/15)

Altars:

Annotations:
D:2 Sigmund


Innate Abilities, Weirdness & Mutations

You are too large for most types of armour.
You have claws for hands.
Your natural rate of healing is unusually fast.
You are covered in fur. (AC +1)
You have tough skin. (AC +1)


Message History

You now have 58 gold pieces (gained 10).
Found 6 stones.
Found an escape hatch in the floor.
Found a stone staircase leading up.
You see here a staff of earth.
A kobold comes into view. It is wielding a +0 dagger.
The kobold shouts!
You hear a shout!
Sigmund the Dreaded comes into view.
He is wielding a +1 scythe of venom.
There are monsters nearby!
The kobold throws a stone.
The stone completely misses you.
You barely miss the kobold. You claw the kobold!
You kill the kobold!
Sigmund casts a spell at you. You resist with significant effort.
Sigmund points at you and mumbles some strange words.
You are confused.
Things that are here:
a +0 dagger; 3 stones You are too confused!
You are too confused!
You are too confused!
You are too confused!
You bump into the rock wall.
Sigmund barely misses you.
You bump into the rock wall.
Sigmund points at you and mumbles some strange words.
The magic dart hits you.
You bump into the rock wall.
Sigmund barely misses you.
You bump into the rock wall.
Sigmund hits you from afar with a +1 scythe of venom!
You are poisoned.
You bump into the rock wall.
You feel less confused.
You feel very sick.
Sigmund hits you from afar with a +1 scythe of venom!
* * * LOW HITPOINT WARNING * * *
You are lethally poisoned!
* * * LOW HITPOINT WARNING * * *
You feel very sick.
You scratch Sigmund but do no damage.
You die...

.. .. #. #. #. #.
#.### #...# ###@#
#@# ##
###.#######.. #
#............
....K..##.####.###
.......##.####.#
...............#
.......##.#..###
.######
#.##..########


You could see Sigmund.

Vanquished Creatures
  2 bats (D:1)
  3 endoplasms (D:1)
  A giant cockroach (D:1)
  A goblin (D:1)
  3 hobgoblins (D:1)
  2 kobolds
  A quokka (D:1)
  2 ball pythons (D:1)
  3 frilled lizards (D:1)
  6 rats (D:1)
24 creatures vanquished.

Notes
Turn   | Place    | Note
-------+----------+-------------------------------------------
     0 | D:1      | Malachi the Troll Gladiator began the quest for the Orb.
     0 | D:1      | Reached XP level 1. HP: 19/19 MP: 0/0
   134 | D:1      | Reached XP level 2. HP: 27/27 MP: 1/1
   315 | D:1      | Reached skill level 4 in Unarmed Combat
   346 | D:1      | You fall into a shaft and drop 1 floor!
   411 | D:2      | Noticed Sigmund
   431 | D:2      | Succumbed to Sigmund's poison

Illustrated notes

Levels and vault maps discovered:
D:1:      spicycebolla_arrival_ecumenical, layout_basic, palyth_stone_intersect
D:2:      layout_rooms, serial_shops, nicolae_shop_behind_doors, uniq_sigmund

Skill      XL: |  1  2 |
---------------+-------+-----
Unarmed Combat | 4 |  4.1
Fighting       | |  1.5
Throwing       | |  1.7
Dodging        | |  2.4

Action                   || total
-------------------------++-------
Melee: Unarmed           ||    65
 Stab: Sleeping          ||     1
Armor: Robe              ||    18
Dodge: Dodged            ||    37

Table legend: (Time is in decaauts)
 A = Elapsed time spent in this place.
 B = Non-inter-level travel time spent in this place.
 C = Inter-level travel time spent in this place.
 D = Time resting spent in this place.
 E = Time spent auto-exploring this place.
 F = Levels seen in this place.
 G = Mean time per level.
                   A        B        C        D        E       F      G
               +--------+--------+--------+--------+--------+-----+--------+
         Total |    425 |    406 |     19 |      0 |    264 |   2 |  212.5 |
       Dungeon |    425 |    406 |     19 |      0 |    264 |   2 |  212.5 |
               +--------+--------+--------+--------+--------+-----+--------+

Top non-repeatable levels by time:
     D:1: 341 daAuts
     D:2: 84 daAuts
